 Dungeon Crawl Stone Soup version 0.18.1-5-g4a78601 (webtiles) character file.

550 Gottschkopf the Destroyer (level 7, 0/36 HPs)
             Began as a Deep Elf Conjurer on May 13, 2016.
             Succumbed to a worker ant's poison
             ... on level 5 of the Dungeon.
             The game lasted 00:12:15 (3923 turns).

Gottschkopf the Destroyer (Deep Elf Conjurer)       Turns: 3923, Time: 00:12:16

Health: 0/36       AC:  6    Str:  5    XL:     7   Next: 7%
Magic:  0/18       EV: 17    Int: 22    God:
Gold:   223        SH:  0    Dex: 15    Spells: 4 memorised, 7 levels left

rFire  . . .     SeeInvis .     a - +0 dagger
rCold  . . .     Gourm    .     y - +0 robe
rNeg   . . .     Faith    .     (no shield)
rPois  .         Spirit   .     m - +2 helmet
rElec  .         Dismiss  .     (no cloak)
rCorr  .         Reflect  .     G - +0 pair of gloves
SustAt .         Harm     .     (no boots)
MR     .....                    (no amulet)
Stlth  ++........               v - ring of wizardry
                                o - +4 ring of evasion

@: lethally poisoned (0 -> -6), not resistant to hostile enchantments,
unstealthy
A: no striking features
a: no special abilities


You were on level 5 of the Dungeon.
You were not hungry.

You visited 1 branch of the dungeon, and saw 5 of its levels.

You collected 223 gold pieces.

Inventory:

Hand Weapons
 a - a +0 dagger (weapon)
 b - a +0 blowgun
Missiles
 z - 9 poisoned needles
Armour
 m - a +2 helmet (worn)
 y - a +0 robe (worn)
 G - a +0 pair of gloves (worn)
Jewellery
 e - an uncursed ring of fire
 l - an uncursed ring of protection from magic
 o - a +4 ring of evasion (left hand)
 v - a ring of wizardry (right hand)
Wands
 r - a wand of lightning (10/15)
 C - a wand of acid (12/15)
Scrolls
 d - 3 scrolls of magic mapping {unknown}
 j - 3 scrolls of teleportation {unknown}
 k - 7 scrolls of identify {unknown}
 n - a scroll of remove curse {unknown}
 s - a scroll of fear {unknown}
 B - a scroll of enchant armour {unknown}
 D - 2 scrolls of fog {unknown}
 E - a scroll of random uselessness {unknown}
 H - a scroll of amnesia {unknown}
Potions
 g - a potion of beneficial mutation {unknown}
 i - 2 potions of cure mutation {unknown}
 p - a potion of might {unknown}
 q - a potion of magic {unknown}
 w - a potion of curing {unknown}
 x - a potion of haste {unknown}
 A - 2 potions of degeneration {unknown}
 F - a potion of heal wounds {unknown}
Books
 u - a book of Conjurations

   Spells                             Type                      Level
   a - Magic Dart                     Conjuration                  1
   b - Searing Ray                    Conjuration                  2
   c - Dazzling Spray                 Conjuration/Hexes            3
   d - Fulminant Prism                Conjuration/Hexes            4
   e - Iskenderun's Mystic Blast      Conjuration                  4
   f - Iskenderun's Battlesphere      Conjuration/Charms           5
Comestibles
 c - 4 bread rations
 f - 3 meat rations
 h - 2 beef jerkies
 t - a slice of pizza


   Skills:
 - Level 2.4 Dodging
 - Level 2.4 Stealth
 + Level 6.1 Spellcasting
 - Level 8.2 Conjurations


You had 7 spell levels left.
You knew the following spells:

 Your Spells              Type           Power        Failure   Level  Hunger
a - Magic Dart            Conj           ####         1%          1    None
b - Searing Ray           Conj           #####.       1%          2    None
c - Iskenderun's Mystic   Conj           #####...     1%          4    ###....
d - Fulminant Prism       Conj/Hex       ###.......   7%          4    ###....


Dungeon Overview and Level Annotations

Branches:
Dungeon (5/15)
 Temple: D:4-7

Altars:
Sif Muna
The Shining One

Shops:
D:4 [


Message History

You barely miss the worker ant.
The worker ant is almost dead.
* * * LOW HITPOINT WARNING * * *
You feel sick. The worker ant bites you.
* * * LOW HITPOINT WARNING * * *
Casting: Magic Dart
Confirm with . or Enter, or press ? or * to list all spells.
Aiming: Magic Dart
Press: ? - help, Shift-Dir - straight line, f/p - worker ant
Aim: a worker ant (almost dead)
The magic dart hits the worker ant.
You kill the worker ant!
Your Spellcasting skill increases to level 6!
* * * LOW HITPOINT WARNING * * *
You feel sick.
* * * LOW HITPOINT WARNING * * *
You feel sick.
* * * LOW HITPOINT WARNING * * *
You feel sick.
You die...

.. .#
####.#.#
......##
......# #
#.....#.##
#........
#.....#
#..@..#
##..###
.....
###.!##
.... ##..#
.%.# #.##


There were no monsters in sight!

Vanquished Creatures
  Grinder (D:3)
  A sky beast (D:5)
  A howler monkey (D:4)
  A hound (D:4)
  An orc priest (D:3)
  An orc wizard (D:4)
  A worker ant (D:5)
  An adder (D:2)
  An ooze (D:3)
  An adder skeleton (D:4)
  A worm (D:3)
  3 dart slugs
  A giant gecko (D:2)
  8 orcs
  7 bats
  8 giant cockroaches
  7 goblins
  9 hobgoblins
  5 jackals
  4 quokkas
  6 giant newts
  13 kobolds
  11 rats
93 creatures vanquished.

Vanquished Creatures (others)
  A fulminant prism (D:4)
1 creature vanquished.

Grand Total: 94 creatures vanquished

Notes
Turn   | Place    | Note
--------------------------------------------------------------
     0 | D:1      | Gottschkopf the Deep Elf Conjurer began the quest for the Orb.
     0 | D:1      | Reached XP level 1. HP: 10/10 MP: 6/6
    66 | D:1      | Reached XP level 2. HP: 15/15 MP: 1/8
   166 | D:1      | Reached skill level 5 in Conjurations
   438 | D:1      | Reached XP level 3. HP: 19/19 MP: 7/9
  1224 | D:2      | Reached skill level 6 in Conjurations
  1227 | D:2      | Found a deep blue altar of Sif Muna.
  1350 | D:2      | Learned a level 2 spell: Searing Ray
  1406 | D:2      | Reached XP level 4. HP: 22/24 MP: 6/10
  1421 | D:2      | Learned a level 4 spell: Iskenderun's Mystic Blast
  1587 | D:3      | Noticed Grinder
  1595 | D:3      | Paralysed by Grinder for 6 turns
  1616 | D:3      | Paralysed by Grinder for 4 turns
  1629 | D:3      | Killed Grinder
  1629 | D:3      | Reached skill level 7 in Conjurations
  1629 | D:3      | Reached XP level 5. HP: 6/28 MP: 0/11
  1890 | D:3      | Reached skill level 8 in Conjurations
  1910 | D:3      | Reached XP level 6. HP: 32/32 MP: 2/12
  2729 | D:3      | Learned a level 4 spell: Fulminant Prism
  2954 | D:3      | Found a glowing golden altar of the Shining One.
  3399 | D:4      | Found Raash's Armour Shop.
  3890 | D:5      | Entered Level 5 of the Dungeon
  3890 | D:5      | Noticed a sky beast
  3900 | D:5      | Killed a sky beast
  3900 | D:5      | Reached skill level 5 in Spellcasting
  3900 | D:5      | Reached XP level 7. HP: 36/36 MP: 4/17
  3922 | D:5      | HP: 1/36 [poisoned by a worker ant]
  3923 | D:5      | Succumbed to a worker ant's poison

Skill      XL: |  1  2  3  4  5  6  7 |
---------------+----------------------+-----
Conjurations   | 5 6 7 8 |  8.2
Spellcasting   | 5 6 |  6.1
Dodging        | |  2.4
Stealth        | |  2.4

Action                   |  1- 3 |  4- 6 |  7- 9 || total
-------------------------+-------+-------+-------++-------
Melee: Short sword       |     1 |    13 |       ||    14
       Dagger            |       |     1 |    13 ||    14
 Cast: Magic Dart        |    81 |    87 |     6 ||   174
       Iskenderun's Myst |       |     4 |       ||     4
       Searing Ray       |       |     4 |       ||     4
       Fulminant Prism   |       |     1 |       ||     1
 Stab: Sleeping          |       |     1 |       ||     1
  Eat: Chunk             |     1 |     9 |       ||    10
Armor: Robe              |     2 |     4 |     8 ||    14
Dodge: Dodged            |     7 |    26 |     8 ||    41
